 Dungeon Crawl Stone Soup version 0.30.1-11-g7821555f0a (webtiles) character file.

Game seed: 942049392636383400

871 lonewolfV2 the Trooper (level 8, -4/67 HPs)
             Began as a Formicid Fighter on Dec 11, 2023.
             Killed by divine providence
             ... invoked by an orc priest
              (11 damage)
             ... on level 5 of the Dungeon.
             The game lasted 00:07:21 (4440 turns).

lonewolfV2 the Trooper (Formicid Fighter)           Turns: 4440, Time: 00:07:22

Health: -4/67      AC:  9    Str: 20    XL:     8   Next: 24%
Magic:  8/8        EV:  8    Int:  9    God:
Gold:   219        SH:  9    Dex: 15    Spells: 7/7 levels left

rFire   . . .        a - +1 war axe (flame)
rCold   . . .        o - +0 kite shield
rNeg    . . .        b - +0 scale mail
rPois   +            (helmet unavailable)
rElec   .            n - +0 cloak
rCorr   .            q - +0 pair of gloves
SInv    +            (no boots)
Will    .....        (no amulet) Stlth
                     j - ring of poison resistance
HPRegen 0.31/turn    (no ring)
MPRegen 0.11/turn

%: no passive effects
@: no status effects
A: permanent stasis, dig shafts and tunnels, antennae 3, four strong arms
a: Dig, Shaft Self


You were on level 5 of the Dungeon.
You visited 2 branches of the dungeon, and saw 6 of its levels.

You collected 219 gold pieces.

Inventory:

Hand Weapons
 a - a +1 war axe of flaming (weapon)
Armour
 b - a +0 scale mail (worn)
 n - a +0 cloak (worn)
 o - a +0 kite shield (worn)
 q - a +0 pair of gloves (worn)
Jewellery
 j - a ring of poison resistance (left hand)
Scrolls
 c - a scroll of magic mapping
 h - 2 scrolls of enchant weapon
 i - a scroll of vulnerability
 m - a scroll of fear
Potions
 d - 2 potions of might
 e - a potion of ambrosia {unknown}
 f - a potion of brilliance
 g - 2 potions of curing
 k - 2 potions of berserk rage {unknown}
 l - 3 potions of heal wounds
 p - a potion of resistance {unknown}


   Skills:
 + Level 7.6 Fighting
 + Level 6.5 Axes
 - Level 3.2 Armour
 - Level 4.0 Shields


You had 7 spell levels left.
You didn't know any spells.
Your spell library contained the following spells:

 Spells                   Type           Power      Damage    Failure   Level
 Ensorcelled Hibernation  Hex/Ice        0%         N/A       99%         2
 Lesser Beckoning         Tloc           0%         N/A       99%         2
 Gell's Gravitas          Tloc           0%         N/A       100%        3
 Spider Form              Tmut/Pois      0%         N/A       100%        3
 Teleport Other           Tloc           0%         N/A       100%        3
 Anguish                  Hex/Necr       0%         N/A       100%        4


Dungeon Overview and Level Annotations

Branches:
Dungeon (5/15)             Temple (1/1) D:4

Altars:
Ashenzari
Cheibriados
Dithmenos
Elyvilon
Kikubaaqudgha
Nemelex Xobeh
Ru
Trog
Uskayaw
Vehumet
Xom
Zin
The Shining One


Innate Abilities, Weirdness & Mutations

You cannot be hasted, slowed, berserked, paralysed or teleported.
You can dig through walls and to a lower floor.
You have a pair of large antennae on your head. (SInv)
Your four strong arms can wield two-handed weapons with a shield.


Message History

The orc wizard casts a spell at you. The magic dart hits you.
The orc priest barely misses you.
The orc wizard hits you but does no damage.
You barely miss the orc priest.
The orc priest is severely wounded.
You barely miss the orc wizard. The orc priest barely misses you.
The orc wizard casts a spell at you. The magic dart hits you.
The orc wizard attacks as you move away!
The orc wizard hits you but does no damage.
The orc priest invokes the aid of Beogh against you.
Pain shoots through your body!
Unknown command.
You barely miss the orc wizard.
The orc wizard is heavily wounded.
The orc priest calls down the wrath of Beogh upon you.
Beogh smites you!
* * * LOW HITPOINT WARNING * * *
The orc wizard hits you but does no damage.
The orc wizard gestures at you while chanting.
The magic dart hits you but does no damage.
Unknown command.
You're too confused to move!
The orc wizard gestures wildly while chanting.
The orc wizard flickers and vanishes for a moment.
You hit the orc priest. You burn the orc priest.
The orc priest is severely wounded.
You feel less confused. You block the orc priest's attack.
You closely miss the orc priest.
The orc priest is severely wounded.
You hit the orc wizard. You burn the orc wizard.
The orc priest invokes the aid of Beogh against you.
Beogh smites you!
* * * LOW HITPOINT WARNING * * *
The orc wizard gestures at you while chanting.
You easily resist.
You block the orc wizard's attack.
The orc priest invokes the aid of Beogh against you.
Beogh smites you!
You die...

#..........#
#...(......#
!.........####.
##.............#
#...............
#...............
#...............
#..oo)..........
#..@............
##..............
##.....†........#..
#............#....
####..##.........
##.#####......#.
#....###......#.
#.##...#........
#<####.#......#


You could see an orc priest and an orc wizard (invisible).

Vanquished Creatures
  Sigmund (D:2)
  Menkaure (D:4)
  An ogre (D:4)
  A centaur (D:4)
  2 hounds (D:4)
  2 orc priests (D:4)
  Terence (D:2)
  2 iguanas (D:4)
  Natasha (thrice) (D:2)
  An orc wizard (D:4)
  5 adders
  2 worms (D:2)
  A dart slug (D:3)
  11 orcs
  6 endoplasms
  2 giant cockroaches
  9 goblins
  2 hobgoblins
  2 jackals (D:3)
  2 quokkas (D:4)
  3 ball pythons
  5 bats
  4 frilled lizards
  8 kobolds
  4 rats
81 creatures vanquished.

Notes
Turn   | Place    | Note
-------+----------+-------------------------------------------
     0 | D:1      | lonewolfV2 the Formicid Fighter began the quest for the
                  | Orb.
     0 | D:1      | Reached XP level 1. HP: 18/18 MP: 1/1
   199 | D:1      | Reached XP level 2. HP: 24/24 MP: 2/2
   607 | D:1      | Reached XP level 3. HP: 26/30 MP: 3/3
   900 | D:2      | Noticed Natasha
   909 | D:2      | Killed Natasha
   910 | D:2      | Reached skill level 4 in Fighting
   985 | D:2      | Noticed Terence
   990 | D:2      | Killed Terence
   991 | D:2      | Reached XP level 4. HP: 34/38 MP: 4/4
  1019 | D:2      | Noticed Natasha
  1024 | D:2      | Killed Natasha
  1025 | D:2      | Reached XP level 5. HP: 33/43 MP: 5/5
  1103 | D:2      | Noticed Natasha
  1110 | D:2      | Killed Natasha
  1260 | D:2      | Reached skill level 5 in Fighting
  1347 | D:2      | Noticed Sigmund
  1364 | D:2      | Killed Sigmund
  1365 | D:2      | Reached XP level 6. HP: 22/52 MP: 6/6
  2062 | D:2      | Found a faded altar of an unknown god.
  2407 | D:3      | Reached skill level 6 in Fighting
  2933 | D:3      | Reached skill level 5 in Axes
  3069 | D:4      | Found a staircase to the Ecumenical Temple.
  3112 | D:4      | Noticed an ogre
  3122 | Temple   | Entered the Ecumenical Temple
  3448 | D:4      | Killed an ogre
  3449 | D:4      | Reached XP level 7. HP: 58/59 MP: 7/7
  4003 | D:4      | Reached skill level 7 in Fighting
  4136 | D:4      | Noticed Menkaure
  4141 | D:4      | Killed Menkaure
  4142 | D:4      | Reached XP level 8. HP: 63/67 MP: 8/8
  4382 | D:5      | Entered Level 5 of the Dungeon
  4440 | D:5      | Killed from afar by an orc priest

Illustrated notes

Levels and vault maps discovered:
D:1:      kennysheep_arrival_seaside, layout_loops_ring, reono_crystal_passage
D:2:      layout_basic, shapermc_ecumenical_altar_hornbeckon, uniq_natasha,
          uniq_sigmund, uniq_terence
D:3:      layout_loops_ring, nicolae_titane
D:4:      layout_loops_cross, minmay_temple_entry_sparse_star, minmay_vboxes,
          uniq_menkaure
D:5:      layout_rooms, okawaru_ov_weapons_minmay, uniq_pikel
Temple:   hellmonk_temple_forest_ring

Skill      XL: |  1  2  3  4  5  6  7 |
---------------+----------------------+-----
Fighting       | 4 5 6 7 |  7.6
Axes           | 3 4 5 6 |  6.5
Armour         | |  3.2
Shields        | |  4.0

Action                     |  1- 3 |  4- 6 |  7- 9 || total
---------------------------+-------+-------+-------++-------
  Melee: War axe           |    44 |    83 |    86 ||   213
Ability: Dig               |       |       |     1 ||     1
    Use: Scroll            |     8 |     4 |     1 ||    13
   Stab: Distracted        |       |       |     1 ||     1
 Armour: Scale mail        |    24 |    29 |    55 ||   108
  Dodge: Dodged            |    28 |    29 |    38 ||    95
  Block: Buckler           |    11 |    19 |     4 ||    34
         Kite shield       |       |       |    43 ||    43
